 Dungeon Crawl Stone Soup version 0.31.0-11-ge490571c62 (webtiles) character file.

Game seed: 11130512738975879130

282 Zeia the Magician (level 6, -4/47 HPs)
             Began as a Djinni Fire Elementalist on Jan 27, 2024.
             Slain by a black bear (8 damage)
             ... on level 5 of the Dungeon.
             The game lasted 00:07:44 (2566 turns).

Zeia the Magician (Djinni Fire Elementalist)        Turns: 2566, Time: 00:07:45

Health: -4/47      AC:  3    Str:  7    XL:     6   Next: 53%
Gold:   163        EV: 13    Int: 19    God:
                   SH:  0    Dex: 13

rFire   + + .        g - staff of alchemy
rCold   x . .        (no shield)
rNeg    + . .        a - +1 robe
rPois   ∞            (no helmet)
rElec   .            (no cloak)
rCorr   .            (no gloves)
SInv    .            (boots unavailable)
Will    .....        (no amulet)
Stlth   ++           e - ring of positive energy
HPRegen 0.27/turn    (no ring)
MPRegen 0.00/turn

%: infuse magic (-5 HP)
@: marked, flying
A: sickness immunity, fire resistance 2, cold vulnerability 1, float, innate
caster, HP casting, extra vitality 1
a: no special abilities


You were on level 5 of the Dungeon.
You visited 1 branch of the dungeon, and saw 5 of its levels.

You collected 163 gold pieces.

Inventory:

Hand Weapons
 j - the +4 rapier "Pijyur" {heavy, rElec rPois Will- Dex+4}
   (You found it on level 2 of the Dungeon)

   Dex+4:     It affects your dexterity (+4).
   rElec:     It insulates you from electricity.
   rPois:     It protects you from poison Will-: It decreases your willpower.
Armour
 a - a +1 robe (worn)
Magical Staves
 g - a staff of alchemy (weapon)
Jewellery
 e - a ring of positive energy (left hand)
 m - an amulet of the acrobat
Wands
 k - a wand of mindburst (9)
Scrolls
 b - 2 scrolls of revelation
 f - 3 scrolls of amnesia
 l - 4 scrolls of identify
 o - a scroll of poison
Potions
 c - a potion of lignification {unknown}
 d - 3 potions of heal wounds
 h - 2 potions of curing {unknown}
 i - a potion of enlightenment {unknown}
 n - a potion of brilliance {unknown}


   Skills:
 + Level 3.8 Fighting
 + Level 3.3 Dodging
 - Level 1.5 Stealth
 + Level 4.3 Spellcasting
 + Level 4.3 Conjurations
 + Level 4.3 Hexes
   Level 0.0 Charms
 + Level 4.3 Summonings
 + Level 4.3 Necromancy
 + Level 4.3 Translocations
   Level 0.0 Transmutations
 + Level 4.3 Fire Magic
 + Level 4.3 Ice Magic
 + Level 4.3 Air Magic
 + Level 4.3 Earth Magic
 + Level 4.3 Alchemy


You knew the following spells:

 Your Spells              Type           Power      Damage    Failure   Level
a - Foxfire               Conj/Fire      80%        2x1d8     2%          1
b - Scorch                Fire           40%        2d6       3%          2
c - Volatile Blastmotes   Fire/Tloc      40%        2d13      7%          3
d - Inner Flame           Hex/Fire       20%        N/A       7%          3
e - Flame Wave            Conj/Fire      20%        2d7       22%         4
f - Summon Small Mammal   Summ           80%        N/A       2%          1
g - Call Imp              Summ           40%        N/A       3%          2
Your spell library was empty.

Dungeon Overview and Level Annotations

Branches:
Dungeon (5/15)
 Temple: D:4-7

Altars:
Elyvilon

Annotations:
D:4 Pikel


Innate Abilities, Weirdness & Mutations

You are immune to sickness and miasma.
You are immune to poison.
Your flesh is very heat resistant. (rF++)
You are vulnerable to cold. (rC-)
You float through the air rather than walking.
You learn spells naturally, not from books.
Your magical power is your life essence.
You have superior vitality. (+4 MHP)


Message History

The black bear is severely wounded.
The black bear goes berserk!
Casting: Scorch (safe; 3% risk of failure)
Confirm with . or Enter, or press ? or * to list all spells.
Flames lash the black bear.
The black bear is burned terribly!
The black bear is severely wounded.
* * * LOW HITPOINT WARNING * * *
The black bear bites you.
* * * LOW HITPOINT WARNING * * *
The black bear claws you.
* * * LOW HITPOINT WARNING * * *
The black bear claws you.
* * * LOW HITPOINT WARNING * * *
Unknown command.
Casting: Scorch (safe; 3% risk of failure)
Confirm with . or Enter, or press ? or * to list all spells.
Flames lash the black bear.
The black bear is almost dead.
* * * LOW HITPOINT WARNING * * *
The black bear bites you.
* * * LOW HITPOINT WARNING * * *
The black bear closely misses you.
The black bear claws you but does no damage.
The black bear barely misses you. The black bear closely misses you.
The black bear claws you but does no damage.
Unknown command.
You feel much better. The black bear barely misses you. x2
The black bear claws you.
A scorpion comes into view.
Your magical contamination has completely faded away.
Casting: Scorch (safe; 3% risk of failure)
Confirm with . or Enter, or press ? or * to list all spells.
Flames lash the black bear.
The black bear is burned terribly!
The black bear is almost dead.
The black bear bites you!
* * * LOW HITPOINT WARNING * * *
The black bear barely misses you. The black bear claws you.
* * * LOW HITPOINT WARNING * * *
The black bear bites you!
You die...

#.# ###.....#
#.##....#.#...#
#####....####.###....
##..........##.# ##.
#...#.......##.#
###.........##.#
#######.......##.#
#....##.h....(##.####
#....###@#§#####....##
#....###†..# ####..##
#....##...## ##..#
#....<..s############.###
##........................
###.....#...############.#..
#.......#.### ###...#
#.############# #......
#.#.#.#...#.#.#### #......


You could see a black bear (berserk, combustible) and a scorpion.

Vanquished Creatures
  A scorpion (D:5)
  Natasha (twice) (D:3)
  Ijyb (D:3)
  An iguana (D:5)
  6 adders
  2 ribbon worms
  A dart slug (D:1)
  An orc (D:4)
  8 ball pythons
  9 bats
  7 endoplasms
  4 giant cockroaches
  4 goblins
  4 hobgoblins
  6 kobolds
  4 quokkas
  4 frilled lizards
  7 rats
72 creatures vanquished.

Vanquished Creatures (collateral kills)
  A foxfire (D:2)
1 creature vanquished.

Vanquished Creatures (others)
  118 foxfires
118 creatures vanquished.

Grand Total: 191 creatures vanquished

Notes
Turn   | Place    | Note
-------+----------+-------------------------------------------
     0 | D:1      | Zeia the Djinni Fire Elementalist began the quest for the
                  | Orb.
     0 | D:1      | Zeia set off with the following spells memorised: Foxfire,
                  | Scorch, Volatile Blastmotes, Inner Flame, Flame Wave.
     0 | D:1      | Reached XP level 1. HP: 15/15 MP: 0/0
    21 | D:1      | Found a faded altar of an unknown god.
    56 | D:1      | Reached XP level 2. HP: 16/22 MP: 0/0
    84 | D:1      | Reached skill level 1 in Fighting
   243 | D:1      | Reached XP level 3. HP: 26/27 MP: 0/0
   243 | D:1      | Learned a level 1 spell: Summon Small Mammal
   686 | D:2      | Reached XP level 4. HP: 29/33 MP: 0/0
   859 | D:2      | Identified the +4 rapier "Pijyur" {heavy, rElec rPois Will-
                  | Dex+4}
  1528 | D:3      | Noticed Ijyb
  1532 | D:3      | Killed Ijyb
  1533 | D:3      | Reached XP level 5. HP: 32/40 MP: 0/0
  1533 | D:3      | Learned a level 2 spell: Call Imp
  1693 | D:3      | Noticed Natasha
  1700 | D:3      | Killed Natasha
  1980 | D:3      | Noticed Natasha
  1984 | D:3      | Killed Natasha
  2318 | D:4      | Found a white marble altar of Elyvilon.
  2328 | D:4      | Noticed a lemure
  2328 | D:4      | Noticed Pikel
  2328 | D:4      | Noticed a lemure
  2329 | D:4      | Noticed a lemure
  2363 | D:5      | Entered Level 5 of the Dungeon
  2374 | D:5      | Reached XP level 6. HP: 30/46 MP: 0/0
  2552 | D:5      | Noticed a black bear
  2564 | D:5      | HP: 1/47 [black bear (5)]
  2566 | D:5      | Slain by a black bear

Illustrated notes

Levels and vault maps discovered:
D:1:      ncdulo_smallfort, layout_rooms, basic_ecumenical_altar
D:2:      layout_loops_ring, serial_bayou, serial_bayou_pond_d,
          serial_bayou_pond_d, serial_bayou_shore_b, serial_bayou_lake_a
D:3:      layout_basic, hangedman_decor_riveting, guppyfry_early_lair_pool,
          uniq_natasha, uniq_ijyb
D:4:      layout_rooms, lemuel_crystal_altar, nicolae_overflow_crystal_walls,
          minmay_misc_feat_x, nicolae_zen_rock_garden, uniq_pikel
D:5:      layout_rooms, fedhas_ov_isle_minmay, overflow_temple_1_default,
          minmay_misc_feat_alley

Skill      XL: |  1  2  3  4  5  6 |
---------------+-------------------+-----
Fighting       | 1 2 3 |  3.8
Spellcasting   | 4 |  4.3
Conjurations   | 4 |  4.3
Hexes          | 4 |  4.3
Summonings     | 4 |  4.3
Necromancy     | 4 |  4.3
Translocations | 4 |  4.3
Fire Magic     | 4 |  4.3
Ice Magic      | 4 |  4.3
Air Magic      | 4 |  4.3
Earth Magic    | 4 |  4.3
Alchemy        | 4 |  4.3
Dodging        | 3 |  3.3
Stealth        | |  1.5

Action                     |  1- 3 |  4- 6 || total
---------------------------+-------+-------++-------
   Cast: Foxfire           |    40 |    32 ||    72
         Scorch            |     3 |    45 ||    48
    Use: Scroll            |       |     7 ||     7
         Potion            |       |     1 ||     1
 Armour: Robe              |     4 |    24 ||    28
  Dodge: Dodged            |     5 |    19 ||    24
